 Dungeon Crawl Stone Soup version 0.26.1-11-gd32895ea62 (webtiles) character file.

Game seed: 4508636550803788767

676 Eitelfritz the Chopper (level 7, -10/60 HPs)
             Began as a Hill Orc Fighter on May 7, 2021.
             Mangled by an ogre
             ... wielding a +0 giant spiked club
              (25 damage)
             ... on level 5 of the Dungeon.
             The game lasted 00:11:19 (4669 turns).

Eitelfritz the Chopper (Hill Orc Fighter)           Turns: 4669, Time: 00:11:19

Health: -10/60     AC:  9    Str: 21    XL:     7   Next: 60%
Magic:  7/7        EV:  8    Int:  8    God:
Gold:   299        SH: 10    Dex: 10    Spells: 6/6 levels left

rFire    . . .     SeeInvis +   a - +1 war axe
rCold    . . .     Faith    .   m - +0 kite shield
rNeg     . . .     Spirit   .   n - +0 scale mail
rPois    .         Reflect  .   k - +0 helmet
rElec    .         Harm     .   (no cloak)
rCorr    .         Rampage  .   (no gloves)
Will     .....                  h - +0 pair of boots
Stlth    ..........             (no amulet)
HPRegen  0.20/turn              i - ring of see invisible
MPRegen  0.10/turn              (no ring)

@: no status effects
A: no striking features
a: no special abilities


You were on level 5 of the Dungeon.
You visited 1 branch of the dungeon, and saw 5 of its levels.

You collected 299 gold pieces.

Inventory:

Hand Weapons
 a - a +1 war axe (weapon)
 b - a +0 hunting sling
 c - a +0 flail
Missiles
 g - 37 poisoned darts (quivered)
 l - 20 sling bullets
Armour
 h - a +0 pair of boots (worn)
 k - a +0 helmet (worn)
 m - a +0 kite shield (worn)
 n - a +0 scale mail (worn)
Jewellery
 i - a ring of see invisible (left hand)
 t - an uncursed amulet of faith
 v - the ring "Dideijua" {Dex+7 Stlth-}
   (You found it on level 4 of the Dungeon)

   [ring of attention]

   It affects your dexterity (+7).
   It makes you less stealthy.
Scrolls
 d - a scroll of enchant armour {unknown}
Potions
 e - a potion of resistance
 f - 3 potions of curing
 j - a potion of degeneration {unknown}
 o - a potion of attraction
 p - 2 potions of brilliance {unknown}
 q - a potion of berserk rage {unknown}
 r - a potion of flight {unknown}
 s - 3 potions of mutation {unknown}


   Skills:
 + Level 4.7 Fighting
 + Level 5.9 Axes
 + Level 2.7 Slings
 + Level 4.7 Armour
 + Level 1.5 Dodging
 + Level 0.3 Stealth
 + Level 5.3 Shields


You had 6 spell levels left.
You didn't know any spells.
Your spell library contained the following spells:

 Spells                   Type           Power        Failure   Level
 Corona                   Hex            0%           99%         1
 Ensorcelled Hibernation  Hex/Ice        0%           99%         2
 Confusing Touch          Hex            0%           100%        3
 Dazzling Flash           Conj/Hex       0%           100%        3
 Tukima's Dance           Hex            0%           100%        3


Dungeon Overview and Level Annotations

Branches:
Dungeon (5/15)
 Temple: D:4-7

Altars:

Shops:
D:4 :   D:5 :

Annotations:
D:3 2 transporters, Quickbrownfox's ghost, amateur MiMo


Message History

The centaur unwields a +0 shortbow.
The centaur hits you but does no damage.
The centaur barely misses you.
Your shield prevents you from hitting the centaur.
The centaur is heavily wounded.
The centaur hits you.
* * * LOW HITPOINT WARNING * * *
The centaur hits you.
* * * LOW HITPOINT WARNING * * *
Okay, then.
You slash the centaur!
The centaur is almost dead.
The centaur hits you.
* * * LOW HITPOINT WARNING * * *
The centaur barely misses you.
You slash the centaur!
You kill the centaur!
There is an entrance to Guutuxoo's Book Emporium here.
The ogre hits you with a +0 giant spiked club!!
You die...

...........###...##
..........##
##...## ###
..........#
##.).###..#
.........##
##.......#
.........#
##......#
........##
#......## .......##
##......# ......##
###......## ##....#
####@..##...#
####### ####.∩O####
#..# .###
####...#### ..#
...####)(.#### .#
....(..#### .#
..#..### .##.##
###.# ##..#


You could see an ogre.

Vanquished Creatures
  Sigmund (D:2)
  A centaur (D:5)
  A howler monkey (D:5)
  A centaur zombie (D:5)
  4 orc wizards (D:3)
  Jessica (D:2)
  An iguana (D:4)
  2 worker ants (D:4)
  2 adders
  A white imp (D:5)
  An ooze (D:1)
  A worm (D:2)
  3 dart slugs
  2 leopard geckos
  15 orcs
  3 ball pythons
  3 giant cockroaches
  6 hobgoblins
  8 jackals
  2 quokkas
  10 bats
  5 frilled lizards
  10 goblins
  8 kobolds
  2 rats (D:1)
94 creatures vanquished.

Vanquished Creatures (others)
  An orc wizard (D:4)
1 creature vanquished.

Grand Total: 95 creatures vanquished

Notes
Turn   | Place    | Note
-------+----------+-------------------------------------------
     0 | D:1      | Eitelfritz the Hill Orc Fighter began the quest for the
                  | Orb.
     0 | D:1      | Reached XP level 1. HP: 19/19 MP: 1/1
   215 | D:1      | Reached XP level 2. HP: 27/27 MP: 2/2
   608 | D:1      | Reached XP level 3. HP: 33/33 MP: 3/3
   984 | D:2      | Reached XP level 4. HP: 40/40 MP: 4/4
  1051 | D:2      | Noticed Jessica
  1079 | D:2      | Killed Jessica
  1295 | D:2      | Noticed Sigmund
  1772 | D:3      | Noticed Quickbrownfox's ghost (amateur MiMo)
  1785 | D:3      | Found a transporter.
  1809 | D:3      | Reached XP level 5. HP: 33/46 MP: 5/5
  1994 | D:3      | Found a transporter.
  2572 | D:3      | Reached skill level 1 in Slings
  2572 | D:3      | Reached XP level 6. HP: 44/52 MP: 6/6
  2779 | D:2      | Killed Sigmund
  2780 | D:2      | Reached skill level 5 in Axes
  2780 | D:2      | Reached skill level 1 in Dodging
  2780 | D:2      | Reached skill level 5 in Shields
  3401 | D:4      | Reached XP level 7. HP: 60/60 MP: 7/7
  3649 | D:4      | Found Fupemet's Book Boutique.
  3690 | D:4      | Got a translucent platinum ring
  4414 | D:4      | Identified the ring "Dideijua" {Dex+7 Stlth-} (You found it
                  | on level 4 of the Dungeon)
  4457 | D:5      | Entered Level 5 of the Dungeon
  4604 | D:5      | Found Guutuxoo's Book Emporium.
  4669 | D:5      | Mangled by an ogre

Illustrated notes

Levels and vault maps discovered:
D:1:      arrival_zaba_pyramid, layout_basic, skrybe_limestone_x,
          minmay_quantized
D:2:      layout_basic, uniq_sigmund, uniq_jessica
D:3:      layout_loops_corners, gammafunk_ghost_stat_death
D:4:      layout_loops_corners, serial_shops, shop
D:5:      layout_cave_pods, serial_shops, shop, uniq_edmund

Skill      XL: |  1  2  3  4  5  6 |
---------------+-------------------+-----
Axes           | 3 4 5 |  5.9
Fighting       | 4 |  4.7
Shields        | 4 5 |  5.3
Armour         | 4 |  4.7
Slings         | 1 2 |  2.7
Dodging        | 1 |  1.5
Stealth        | |  0.3

Action                   |  1- 3 |  4- 6 |  7- 9 || total
-------------------------+-------+-------+-------++-------
Melee: War axe           |   111 |   123 |    48 ||   282
 Fire: Hunting sling     |       |    31 |    29 ||    60
  Use: Scroll            |       |     7 |     4 ||    11
       Potion            |       |     1 |       ||     1
Armor: Scale mail        |    73 |    77 |    22 ||   172
Dodge: Dodged            |    48 |    43 |    31 ||   122
Block: Kite shield       |    78 |    63 |    20 ||   161
